 Dungeon Crawl Stone Soup version 0.31-a0-164-g2312942fda (webtiles) character file.

Game seed: 3612183906361148165

512 Moral the Trooper (level 6, -3/58 HPs)
             Began as a Minotaur Fighter on June 14, 2023.
             Was an Initiate of Gozag.
             Slain by a hornet (14 damage)
             ... while paralysed by a hornet
             ... on level 5 of the Dungeon.
             The game lasted 00:12:44 (4247 turns).

Moral the Trooper (Minotaur Fighter)                Turns: 4247, Time: 00:12:44

Health: -3/58      AC:  8    Str: 21    XL:     6   Next: 99%
Magic:  5/5        EV:  2    Int:  5    God:    Gozag
Gold:   359        SH:  0    Dex: 11    Spells: 5/5 levels left

rFire   . . .        a - +1 war axe
rCold   . . .        c - +0 buckler
rNeg    . . .        b - +0 scale mail
rPois   .            (helmet restricted)
rElec   .            (no cloak)
rCorr   .            (no gloves)
SInv    +            v - +0 pair of boots
Will    +....        u - amulet of regeneration Stlth
                     p - ring of willpower
HPRegen 1.09/turn    t - ring of see invisible
MPRegen 0.09/turn

%: no passive effects
@: paralysed, lethally poisoned (-3 -> -10), slowed
A: horns 2, retaliatory headbutt
a: Renounce Religion, Potion Petition, Call Merchant, Bribe Branch


You were on level 5 of the Dungeon.
You worshipped Gozag.
Gozag was aware of your devotion.
You visited 1 branch of the dungeon, and saw 5 of its levels.

You collected 436 gold pieces.
You paid 77 gold pieces to Gozag.

Inventory:

Hand Weapons
 a - a +1 war axe (weapon)
Armour
 b - a +0 scale mail (worn)
 c - a +0 buckler (worn)
 v - a +0 pair of boots (worn)
Jewellery
 e - a ring of protection from fire
 j - a ring of poison resistance
 p - a ring of willpower (left hand)
 t - a ring of see invisible (right hand)
 u - an amulet of regeneration (around neck)
Wands
 f - a wand of polymorph (4)
Scrolls
 g - a scroll of fear {unknown}
 i - a scroll of enchant armour {unknown}
 k - a scroll of fog
 m - a scroll of revelation {unknown}
 o - 2 scrolls of immolation {unknown}
 s - a scroll of identify
Potions
 d - a potion of might
 h - 2 potions of invisibility {unknown}
 n - 3 potions of attraction {unknown}
 r - a potion of ambrosia {unknown}


   Skills:
 * Level 6.3 Fighting
 * Level 5.6 Axes
 + Level 5.0 Armour
 + Level 4.9 Shields


You had 5 spell levels left.
You didn't know any spells.
Your spell library contained the following spells:

 Spells                   Type           Power      Damage    Failure   Level
 Apportation              Tloc           0%         N/A       86%         1
 Necrotise                Necr           0%         1d4       86%         1
 Summon Small Mammal      Summ           0%         N/A       86%         1
 Summon Guardian Golem    Hex/Summ       0%         N/A       99%         3
 Borgnjor's Vile Clutch   Necr/Erth      0%         N/A       100%        5
 Death Channel            Necr           0%         N/A       100%        6
 Orb of Destruction       Conj           0%         9d5       100%        7
 Spellforged Servitor     Conj/Summ      0%         N/A       100%        7
 Animate Dead             Necr           Unusable   N/A       N/A         4

Dungeon Overview and Level Annotations

Branches:
Dungeon (5/15)             Temple (0/1) D:4

Altars:
Gozag
Kikubaaqudgha
Qazlal
Yredelemnul

Annotations:
D:5 Eustachio, Menkaure


Innate Abilities, Weirdness & Mutations

You have a pair of horns on your head.
You reflexively headbutt those who attack you in melee.


Message History

a +0 dagger; a +0 scale mail You now have 341 gold pieces (gained 5).
j - a ring of poison resistance
n - 2 bubbling yellow potions (gained 1)
Things that are here:
a +0 club; a +0 robe; 4 stones You now have 347 gold pieces (gained 6).
n - 3 bubbling yellow potions (gained 1)
Things that are here:
a +0 dagger; a +0 robe
There is a stone staircase leading up here.
You now have 353 gold pieces (gained 6).
You see here a +0 dagger.
You now have 359 gold pieces (gained 6).
You see here a +0 hand axe.
A hornet comes into view.
The hornet buzzes angrily.
A hornet is nearby!
A hornet is nearby!
Found 9 stones.
You hit the hornet.
The hornet is lightly wounded.
The hornet stings you.
You are poisoned.
You feel yourself slow down. The hornet stings you!
You feel as though you will be slow longer.
You barely miss the hornet. Your headbutt misses the hornet.
The hornet is lightly wounded.
You feel very sick. The hornet stings you!
You suddenly lose the ability to move!
The hornet stings you!
You feel as though you will be slow longer.
The hornet stings you.
* * * LOW HITPOINT WARNING * * *
You are more poisoned.
You feel as though you will be slow longer.
You feel very sick. The hornet stings you!
You die...
Your body crumbles into a pile of gold.

.......#..####.........
...))..#...##..#.#.#...#
...<.....####..###
...)......##...#.##
.....................
...)).##...###..#.##. .
.##.........##..### ...
.#<.............$##.....
................@..#
...........###.##y......
#######....##..# ....###
................ ....#
#.###.#.......#.....##
#.....#.#.....##.....
#.._..#.......# #.....
#.....#.....### ..(.#.
#.###.#..#....


You could see a hornet.

Vanquished Creatures
  A black bear (D:5)
  A scorpion (D:4)
  Crazy Yiuf (D:3)
  An orc priest (D:5)
  An iguana (D:5)
  A sleepcap (D:5)
  Natasha (twice) (D:3)
  2 orc wizards (D:5)
  A scorpion zombie (D:3)
  2 adders
  2 worms
  4 dart slugs
  2 orcs (D:5)
  9 ball pythons
  3 bats
  6 endoplasms
  7 giant cockroaches
  8 hobgoblins
  4 jackals
  5 kobolds
  8 quokkas
  6 frilled lizards
  A giant cockroach zombie (D:3)
  9 goblins
  3 rats (D:1)
90 creatures vanquished.

Notes
Turn   | Place    | Note
-------+----------+-------------------------------------------
     0 | D:1      | Moral the Minotaur Fighter began the quest for the Orb.
     0 | D:1      | Reached XP level 1. HP: 19/19 MP: 0/0
   113 | D:1      | Reached XP level 2. HP: 25/27 MP: 1/1
   164 | D:1      | Reached skill level 4 in Fighting
   529 | D:1      | Reached XP level 3. HP: 33/33 MP: 2/2
  1804 | D:3      | Reached XP level 4. HP: 40/41 MP: 3/3
  2384 | D:3      | Found a basalt altar of Yredelemnul.
  2506 | D:3      | Noticed Natasha
  2509 | D:3      | Killed Natasha
  2510 | D:3      | Reached skill level 5 in Fighting
  2628 | D:3      | Noticed Natasha
  2634 | D:3      | Killed Natasha
  2635 | D:3      | Reached XP level 5. HP: 40/48 MP: 4/4
  2692 | D:3      | Found a runed translucent door.
  2693 | D:3      | Noticed Crazy Yiuf
  2903 | D:3      | Killed Crazy Yiuf
  3007 | D:4      | Found an opulent altar of Gozag.
  3016 | D:4      | Became a worshipper of Gozag Ym Sagoz the Greedy
  3070 | D:4      | Found an ancient bone altar of Kikubaaqudgha.
  3503 | D:4      | Found a staircase to the Ecumenical Temple.
  3512 | D:4      | Reached XP level 6. HP: 56/56 MP: 5/5
  3913 | D:5      | Entered Level 5 of the Dungeon
  3948 | D:5      | Noticed Eustachio
  3951 | D:5      | Noticed Menkaure
  4119 | D:5      | Found a stormy altar of Qazlal.
  4148 | D:5      | Reached skill level 5 in Axes
  4179 | D:5      | Reached skill level 6 in Fighting
  4217 | D:5      | Reached skill level 5 in Armour
  4243 | D:5      | Noticed a hornet
  4246 | D:5      | Paralysed by a hornet for 3 turns
  4247 | D:5      | Slain by a hornet

Illustrated notes

Levels and vault maps discovered:
D:1:      dpeg_arrival_pits, layout_loops_cross
D:2:      layout_basic, hangedman_decor_push, minmay_goblin_outpost
D:3:      layout_basic, lemuel_zombie_altar_yredelemnul,
          uniq_crazy_yiuf_cottage, uniq_natasha
D:4:      layout_rooms, lemuel_crystal_altar,
          nicolae_gozag_cash_rules_everything_around_me,
          minmay_temple_entry_statues_fountains, mrwooster_statue_mirror,
          minmay_misc_feat_cross
D:5:      layout_cave_pools, mainiacjoe_overflow_cross_hatched,
          mainiacjoe_overflow_alcove_1, uniq_eustachio, uniq_blork_the_orc,
          uniq_menkaure

Skill      XL: |  1  2  3  4  5  6 |
---------------+-------------------+-----
Fighting       | 4 5 6 |  6.3
Axes           | 3 4 5 |  5.6
Shields        | 4 |  4.9
Armour         | 4 5 |  5.0

Action                     |  1- 3 |  4- 6 || total
---------------------------+-------+-------++-------
  Melee: War axe           |    87 |    99 ||   186
         Headbutt          |     8 |    14 ||    22
    Use: Scroll            |     2 |     5 ||     7
         Potion            |     1 |     1 ||     2
 Armour: Scale mail        |    47 |    47 ||    94
  Dodge: Dodged            |    44 |    34 ||    78
  Block: Buckler           |    16 |    22 ||    38

Table legend: (Time is in decaauts)
 A = Elapsed time spent in this place.
 B = Non-inter-level travel time spent in this place.
 C = Inter-level travel time spent in this place.
 D = Time resting spent in this place.
 E = Time spent auto-exploring this place.
 F = Levels seen in this place.
 G = Mean time per level.
                   A        B        C        D        E       F      G
               +--------+--------+--------+--------+--------+-----+--------+
         Total |   4313 |   4266 |     47 |    516 |   2699 |   5 |  862.6 |
       Dungeon |   4313 |   4266 |     47 |    516 |   2699 |   5 |  862.6 |
               +--------+--------+--------+--------+--------+-----+--------+

Top non-repeatable levels by time:
     D:3: 1228 daAuts
     D:2: 1021 daAuts
     D:4: 929 daAuts
     D:1: 792 daAuts
     D:5: 342 daAuts
